PIO (24 & UNDER)
EAU CLAIRE ESQUIRES @ SURREY SINNERS
09/23/2030
 
TOP OF THE 1ST
Eau Claire Esquires batting - Pitching for Surrey Sinners : LHP Mark Schlosser
Pitching: LHP Mark Schlosser
Batting: RHB Tom McBride 0-0: Swinging Strike
0-1: Called Strike
0-2: Ball
1-2: Foul Ball, location: 2F
1-2: Strikes out looking
Batting: LHB Johnny Foley 0-0: Called Strike
0-1: Swinging Strike
0-2: Ball
1-2: Ground out 4-3 (Groundball, 4)
Batting: SHB Paul Davenport 0-0: Ball
1-0: Called Strike
1-1: Called Strike
1-2: Ball
2-2: Ball
3-2: Strikes out swinging
Top of the 1st over - 0 runs, 0 hits, 0 errors, 0 left on base; Eau Claire 0 - Surrey 0
BOTTOM OF THE 1ST
Surrey Sinners batting - Pitching for Eau Claire Esquires : LHP Gabriel Acevedo
Pitching: LHP Gabriel Acevedo
Batting: RHB Jeff Buck 0-0: Ball
1-0: Ball
2-0: Ball
3-0: Called Strike
3-1: Fly out, F7 (Flyball, 7D)
Batting: RHB Mike Clark 0-0: SINGLE (Groundball, 34D)
Batting: RHB Jonathan Boyer 0-0: Swinging Strike
0-1: 2-RUN HOME RUN (Flyball, 7LD), Distance : 364 ft
Batting: LHB Robert Mann 0-0: Called Strike
0-1: DOUBLE (Flyball, 78D)
Batting: RHB Miguel Jaramillo 0-0: Ball
1-0: Called Strike
1-1: Ball
2-1: 2-RUN HOME RUN (Flyball, 7D), Distance : 359 ft
Batting: SHB Pedro Torres 0-0: Called Strike
0-1: Fly out, F9 (Flyball, 9LS)
Batting: RHB Francisco Martínez 0-0: Ball
1-0: Called Strike
1-1: Foul Ball, location: 2F
1-2: SINGLE (Groundball, 4MS) (infield hit)
Batting: SHB Luis Días 0-0: Ball
1-0: SINGLE (Groundball, 34D)
Francisco Martínez to second
Runner from 2nd tries for 3rd, SAFE, no throw
Batting: SHB Pat Brock 0-0: Called Strike
0-1: Called Strike
0-2: Foul Ball, location: 2F
0-2: Strikes out swinging
Bottom of the 1st over - 4 runs, 6 hits, 0 errors, 2 left on base; Eau Claire 0 - Surrey 4
TOP OF THE 2ND
Eau Claire Esquires batting - Pitching for Surrey Sinners : LHP Mark Schlosser
Batting: RHB River Cunningham 0-0: SINGLE (Flyball, 9LM)
Batting: RHB Claudio Rodríguez 0-0: Ball
1-0: Foul Ball, location: 2F
1-1: Foul Ball, location: 2F
1-2: Hit by Pitch
River Cunningham to second
Batting: LHB Caleb Ruíz 0-0: Ball
1-0: Swinging Strike
1-1: Ball
Passed Ball!
River Cunningham to third
Claudio Rodríguez to second
2-1: Foul Ball, location: 2F
2-2: Strikes out swinging
Batting: RHB Júlio Pinto 0-0: Called Strike
0-1: SINGLE (Groundball, 4) (infield hit)
River Cunningham scores
Claudio Rodríguez to third
Batting: RHB Tomás Rivera 0-0: Ball
1-0: Ball
2-0: Called Strike
2-1: Grounds into double play, 6-4-3 (Groundball, 56)
Top of the 2nd over - 1 run, 2 hits, 0 errors, 1 left on base; Eau Claire 1 - Surrey 4
BOTTOM OF THE 2ND
Surrey Sinners batting - Pitching for Eau Claire Esquires : LHP Gabriel Acevedo
Batting: RHB Jeff Buck 0-0: Bunted foul
0-1: Ball
1-1: Swinging Strike
1-2: Ground out 6-3 (Groundball, 6)
Batting: RHB Mike Clark 0-0: Called Strike
0-1: SINGLE (Line Drive, 6MD)
Batting: RHB Jonathan Boyer 0-0: Grounds into double play, 6-4-3 (Groundball, 6)
Bottom of the 2nd over - 0 runs, 1 hit, 0 errors, 0 left on base; Eau Claire 1 - Surrey 4
TOP OF THE 3RD
Eau Claire Esquires batting - Pitching for Surrey Sinners : LHP Mark Schlosser
Batting: RHB Ron Moore 0-0: Ball
1-0: Foul Ball, location: 2F
1-1: Swinging Strike
1-2: Ball
2-2: Ball
3-2: Base on Balls
Batting: RHB Tom McBride 0-0: Ball
1-0: Grounds into double play, 6-4-3 (Groundball, 6)
Batting: LHB Johnny Foley 0-0: Ball
1-0: Swinging Strike
1-1: Called Strike
1-2: Strikes out swinging
Top of the 3rd over - 0 runs, 0 hits, 0 errors, 0 left on base; Eau Claire 1 - Surrey 4
BOTTOM OF THE 3RD
Surrey Sinners batting - Pitching for Eau Claire Esquires : LHP Gabriel Acevedo
Batting: LHB Robert Mann 0-0: Swinging Strike
0-1: Ball
1-1: Fly out, F8 (Line Drive, 8LM)
Batting: RHB Miguel Jaramillo 0-0: Ball
1-0: Fly out, F8 (Flyball, 8RD)
Batting: SHB Pedro Torres 0-0: Ground out 4-3 (Groundball, 4)
Bottom of the 3rd over - 0 runs, 0 hits, 0 errors, 0 left on base; Eau Claire 1 - Surrey 4
TOP OF THE 4TH
Eau Claire Esquires batting - Pitching for Surrey Sinners : LHP Mark Schlosser
Batting: SHB Paul Davenport 0-0: Ball
1-0: Ball
2-0: DOUBLE (Groundball, 5L)
Batting: RHB River Cunningham 0-0: Ball
1-0: Ball
2-0: Ball
3-0: Base on Balls
Batting: RHB Claudio Rodríguez 0-0: Called Strike
0-1: Foul Ball, location: 2F
0-2: Ball
1-2: Fielders Choice at 2nd, 3-6 (Groundball, 34)
Paul Davenport to third
Batting: LHB Caleb Ruíz 0-0: Ball
1-0: Ball
2-0: Called Strike
2-1: Foul Ball, location: 2F
2-2: Foul Ball, location: 2F
2-2: Foul Ball, location: 2F
2-2: Foul Ball, location: 2F
2-2: Ball
3-2: Foul Ball, location: 2F
3-2: Base on Balls
Claudio Rodríguez to second
Batting: RHB Júlio Pinto 0-0: Ball
1-0: Grounds into double play, 6-2-3 (Groundball, 6)
Top of the 4th over - 0 runs, 1 hit, 0 errors, 2 left on base; Eau Claire 1 - Surrey 4
BOTTOM OF THE 4TH
Surrey Sinners batting - Pitching for Eau Claire Esquires : LHP Gabriel Acevedo
Batting: RHB Francisco Martínez 0-0: Ball
1-0: Called Strike
1-1: Foul Ball, location: 2F
1-2: Ball
2-2: Ball
3-2: Foul Ball, location: 2F
3-2: SINGLE (Line Drive, 4)
Batting: SHB Luis Días 0-0: Ball
1-0: Ball
2-0: Swinging Strike
2-1: Called Strike
2-2: Ball
3-2: Strikes out looking
Batting: SHB Pat Brock 0-0: SINGLE (Groundball, 3) (infield hit)
Francisco Martínez to second
Batting: RHB Jeff Buck 0-0: Called Strike
0-1: Foul Ball, location: 2F
0-2: Fielders Choice at 2nd, 6-4 (Groundball, 6)
Francisco Martínez to third
Batting: RHB Mike Clark 0-0: SINGLE (Groundball, 15S) (infield hit)
Francisco Martínez scores
Jeff Buck to second
Batting: RHB Jonathan Boyer 0-0: Called Strike
0-1: Called Strike
0-2: Ground out U3 (Groundball, 3)
Bottom of the 4th over - 1 run, 3 hits, 0 errors, 2 left on base; Eau Claire 1 - Surrey 5
TOP OF THE 5TH
Eau Claire Esquires batting - Pitching for Surrey Sinners : LHP Mark Schlosser
Batting: RHB Tomás Rivera 0-0: Ball
1-0: Ball
2-0: Ball
3-0: Base on Balls
Batting: RHB Ron Moore 0-0: Foul Ball, location: 2F
0-1: Ball
1-1: Called Strike
1-2: Ball
2-2: Grounds into double play, 6-4-3 (Groundball, 6)
Batting: RHB Tom McBride 0-0: Called Strike
0-1: Ball
1-1: Fly out, F8 (Flyball, 8RXD)
Top of the 5th over - 0 runs, 0 hits, 0 errors, 0 left on base; Eau Claire 1 - Surrey 5
BOTTOM OF THE 5TH
Surrey Sinners batting - Pitching for Eau Claire Esquires : LHP Gabriel Acevedo
Batting: LHB Robert Mann 0-0: Called Strike
0-1: Ball
1-1: Foul Ball, location: 2F
1-2: Foul Ball, location: 2F
1-2: Ball
2-2: Ball
3-2: Base on Balls
Batting: RHB Miguel Jaramillo 0-0: Ball
1-0: Ball
2-0: Foul Ball, location: 2F
2-1: Ball
3-1: Base on Balls
Robert Mann to second
Batting: SHB Pedro Torres 0-0: Ball
1-0: Ball
2-0: Ball
3-0: Called Strike
3-1: Foul Ball, location: 2F
3-2: Base on Balls
Robert Mann to third
Miguel Jaramillo to second
Batting: RHB Francisco Martínez 0-0: Foul Ball, location: 2F
0-1: Ball
1-1: SINGLE (Groundball, 34D)
Robert Mann scores
Miguel Jaramillo to third
Pedro Torres to second
Pitching: RHP George Jackson
Batting: SHB Luis Días 0-0: Ball
1-0: Grounds into fielders choice 5-2 (Groundball, 25)
Pedro Torres to third
Francisco Martínez to second
Batting: SHB Pat Brock 0-0: Called Strike
0-1: Foul Ball, location: 2F
0-2: Fly out, F9 (Flyball, 9S)
Batting: RHB Jeff Buck 0-0: Called Strike
0-1: Swinging Strike
0-2: Ball
1-2: Ball
2-2: Foul Ball, location: 2F
2-2: Fly out, F7 (Flyball, 78S)
Bottom of the 5th over - 1 run, 1 hit, 0 errors, 3 left on base; Eau Claire 1 - Surrey 6
TOP OF THE 6TH
Eau Claire Esquires batting - Pitching for Surrey Sinners : LHP Mark Schlosser
Batting: LHB Johnny Foley 0-0: Ball
1-0: Called Strike
1-1: Ball
2-1: SINGLE (Groundball, 6) (infield hit)
Batting: SHB Paul Davenport 0-0: Foul Ball, location: 2F
0-1: Foul Ball, location: 2F
0-2: Ball
1-2: Strikes out swinging
Batting: RHB River Cunningham 0-0: Foul Ball, location: 2F
0-1: Ball
1-1: Fly out, F5 (Popup, 5SF)
Batting: RHB Claudio Rodríguez 0-0: Ball
Johnny Foley is caught stealing 2nd base
Top of the 6th over - 0 runs, 1 hit, 0 errors, 0 left on base; Eau Claire 1 - Surrey 6
BOTTOM OF THE 6TH
Surrey Sinners batting - Pitching for Eau Claire Esquires : RHP George Jackson
Batting: RHB Mike Clark 0-0: Called Strike
0-1: Ball
1-1: Ball
2-1: Called Strike
2-2: Foul Ball, location: 2F
2-2: Foul Ball, location: 2F
2-2: Ball
3-2: Strikes out looking
Batting: RHB Jonathan Boyer 0-0: Ball
1-0: SINGLE (Groundball, 34D)
Batting: LHB Robert Mann 0-0: Ball
1-0: Ball
2-0: Foul Ball, location: 2F
2-1: Foul Ball, location: 2F
2-2: Ball
3-2: SINGLE (Groundball, 56) (infield hit)
Jonathan Boyer to second
Batting: RHB Miguel Jaramillo 0-0: Foul Ball, location: 2F
0-1: Ball
1-1: Fly out, F7 (Flyball, 7)
Batting: SHB Pedro Torres 0-0: Called Strike
0-1: Ball
1-1: Ground out U3 (Groundball, 3)
Bottom of the 6th over - 0 runs, 2 hits, 0 errors, 2 left on base; Eau Claire 1 - Surrey 6
TOP OF THE 7TH
Eau Claire Esquires batting - Pitching for Surrey Sinners : LHP Mark Schlosser
Batting: RHB Claudio Rodríguez 0-0: Ball
1-0: Foul Ball, location: 2F
1-1: Swinging Strike
1-2: Strikes out looking
Batting: LHB Caleb Ruíz 0-0: Ground out 4-3 (Groundball, 4)
Batting: RHB Júlio Pinto 0-0: Ball
1-0: Foul Ball, location: 2F
1-1: Foul Ball, location: 2F
1-2: Ball
2-2: Ball
3-2: Foul Ball, location: 2F
3-2: Foul Ball, location: 2F
3-2: Fly out, F9 (Flyball, 9S)
Top of the 7th over - 0 runs, 0 hits, 0 errors, 0 left on base; Eau Claire 1 - Surrey 6
BOTTOM OF THE 7TH
Surrey Sinners batting - Pitching for Eau Claire Esquires : RHP George Jackson
Batting: RHB Francisco Martínez 0-0: Swinging Strike
0-1: Foul Ball, location: 2F
0-2: Foul Ball, location: 2F
0-2: Ball
1-2: Foul Ball, location: 2F
1-2: Fly out, F4 (Popup, 23)
Batting: SHB Luis Días 0-0: Ball
1-0: Called Strike
1-1: Ground out 3-1 (Groundball, 34S)
Batting: SHB Pat Brock 0-0: Swinging Strike
0-1: Fly out, F8 (Flyball, 89D)
Bottom of the 7th over - 0 runs, 0 hits, 0 errors, 0 left on base; Eau Claire 1 - Surrey 6
TOP OF THE 8TH
Eau Claire Esquires batting - Pitching for Surrey Sinners : LHP Mark Schlosser
Batting: RHB Tomás Rivera 0-0: Foul Ball, location: 2F
0-1: Ball
1-1: Foul Ball, location: 2F
1-2: Strikes out swinging
Batting: RHB Ron Moore 0-0: Ball
1-0: Foul Ball, location: 2F
1-1: Ball
2-1: Ground out 5-3 (Groundball, 5)
Batting: RHB Tom McBride 0-0: Ball
1-0: Called Strike
1-1: Foul Ball, location: 2F
1-2: Foul Ball, location: 2F
1-2: Foul Ball, location: 2F
1-2: Ball
2-2: Ball
3-2: Base on Balls
Pitching: RHP Larry Simonds
Batting: LHB Johnny Foley 0-0: Fly out, F6 (Popup, 56)
Top of the 8th over - 0 runs, 0 hits, 0 errors, 1 left on base; Eau Claire 1 - Surrey 6
BOTTOM OF THE 8TH
Surrey Sinners batting - Pitching for Eau Claire Esquires : RHP George Jackson
Batting: RHB Jeff Buck 0-0: Ball
1-0: Ground out 6-3 (Groundball, 6)
Batting: RHB Mike Clark 0-0: Ground out 6-3 (Groundball, 6)
Batting: RHB Jonathan Boyer 0-0: SOLO HOME RUN (Flyball, 78XD), Distance : 405 ft
Batting: LHB Robert Mann 0-0: Ball
1-0: Called Strike
1-1: Called Strike
1-2: Ball
2-2: Foul Ball, location: 2F
2-2: Ball
3-2: Base on Balls
Batting: RHB Miguel Jaramillo 0-0: Called Strike
0-1: Ball
1-1: Foul Ball, location: 2F
1-2: Strikes out swinging
Bottom of the 8th over - 1 run, 1 hit, 0 errors, 1 left on base; Eau Claire 1 - Surrey 7
TOP OF THE 9TH
Eau Claire Esquires batting - Pitching for Surrey Sinners : RHP Larry Simonds
Now at SS: Clarence Bowen
Batting: SHB Paul Davenport 0-0: Swinging Strike
0-1: Foul Ball, location: 2F
0-2: Ball
1-2: Strikes out swinging
Batting: RHB River Cunningham 0-0: Ball
1-0: Ball
2-0: SINGLE (Line Drive, 6D)
Batting: RHB Claudio Rodríguez 0-0: Foul Ball, location: 2F
0-1: Ball
1-1: SINGLE (Line Drive, 7S)
River Cunningham to second
Batting: LHB Caleb Ruíz 0-0: Swinging Strike
0-1: Ball
1-1: Ball
2-1: Ball
3-1: Base on Balls
River Cunningham to third
Claudio Rodríguez to second
Batting: RHB Júlio Pinto 0-0: Ball
1-0: Hit by Pitch
River Cunningham scores
Claudio Rodríguez to third
Caleb Ruíz to second
Pitching: RHP Ed Crawford
Pinch Runner at 1st Matt Taylor:
Batting: RHB Tomás Rivera 0-0: Fly out, F8 (Flyball, 78D)
Runner from 3rd tags up, SCORES, no throw
Batting: RHB Ron Moore 0-0: Called Strike
0-1: Ground out 6-3 (Groundball, 6M)
Top of the 9th over - 2 runs, 2 hits, 0 errors, 2 left on base; Eau Claire 3 - Surrey 7
Saturday, April 7th, 2018 - OOTP Baseball 18.8 Build 76